 Dungeon Crawl Stone Soup version 0.26-a0-597-gb535b0901c (webtiles) character file.

Game seed: 16651831471302440271

100 hickop the Chiller (level 4, 0/21 HPs)
             Began as a Vine Stalker Ice Elementalist on Sept 12, 2020.
             Slain by an orc wizard
             ... wielding a +0 dagger
              (6 damage)
             ... on level 3 of the Dungeon on Sept 14, 2020.
             The game lasted 00:17:07 (2801 turns).

hickop the Chiller (Vine Stalker Ice Elementalist)  Turns: 2801, Time: 00:17:08

Health: 0/21       AC:  4    Str: 11    XL:     4   Next: 74%
Magic:  0/9        EV: 13    Int: 16    God:
Gold:   144        SH:  0    Dex: 14    Spells: 2/9 levels left

rFire    . . .     SeeInvis .   (no weapon)
rCold    . . .     Faith    .   (no shield)
rNeg     . . .     Spirit   +   a - +0 robe
rPois    .         Reflect  .   (no helmet)
rElec    .         Harm     .   (no cloak)
rCorr    .                      e - +0 pair of gloves
MR       .....                  m - +0 pair of boots
Stlth    ++........             (no amulet)
HPRegen  0.47/turn              (no ring)
MPRegen  0.11/turn              (no ring)

@: slowed, very slow
A: fangs 2, regeneration 1, magic shield, antimagic bite, no potion heal 3, rot
immunity
a: no special abilities


You were on level 3 of the Dungeon.
You visited 1 branch of the dungeon, and saw 3 of its levels.

You collected 144 gold pieces.

Inventory:

Hand Weapons
 o - a +4 short sword
Missiles
 c - 26 sling bullets
 f - a throwing net
 l - 69 stones (quivered)
Armour
 a - a +0 robe (worn)
 e - a +0 pair of gloves (worn)
 m - a +0 pair of boots (worn)
Scrolls
 b - 2 scrolls of magic mapping
 g - 2 scrolls of fog
 i - a scroll of blinking {unknown}
 j - a scroll of random uselessness {unknown}
 k - a scroll of enchant armour {unknown}
 n - 3 scrolls of teleportation
 r - a scroll of enchant weapon {unknown}
 t - a scroll of remove curse {unknown}
 u - a scroll of fear {unknown}
Potions
 d - a potion of curing {unknown}
 h - 3 potions of haste {unknown}
 p - 3 potions of brilliance {unknown}
 q - a potion of berserk rage {unknown}
 s - a potion of lignification {unknown}
 v - a potion of stabbing {unknown}


   Skills:
 + Level 2.3 Dodging
 + Level 3.8 Stealth
 + Level 3.0 Spellcasting
 * Level 4.6 Ice Magic


You had 2 spell levels left.
You knew the following spells:

 Your Spells              Type           Power        Failure   Level
a - Freeze                Ice            ###.         2%          1
b - Ozocubu's Armour      Ice            ###.....     9%          3
c - Frozen Ramparts       Ice            ###...       9%          3

Your spell library contained the following spells:

 Spells                   Type           Power        Failure   Level
 Hailstorm                Conj/Ice       #.......     58%         4
 Summon Ice Beast         Ice/Summ       #.......     58%         4


Dungeon Overview and Level Annotations

Branches:
Dungeon (3/15)

Altars:
Gozag
Nemelex Xobeh


Innate Abilities, Weirdness & Mutations

You have extremely sharp teeth.
Your natural rate of healing is unusually fast.
When hurt, damage is shared between your health and your magic reserves.
Your bite disrupts and absorbs the magic of your enemies.
Potions cannot restore your health.
You are immune to rotting.


Message History

The stone closely misses the orc wizard.
The orc wizard gestures at you while chanting.
The magic dart hits you.
Throwing (i - inventory. (/) - cycle)
l - 71 stones (quivered)
Press: ? - help, Shift-Dir - straight line, f/p - orc wizard
Aim: an orc wizard, wielding a +0 dagger and wearing a +0 robe (almost dead)
You throw a stone. The stone barely misses the orc wizard.
The orc wizard gestures at you while chanting.
You feel as though you will be slow longer.
The orc wizard hits you with a +0 dagger.
Throwing (i - inventory. (/) - cycle)
l - 70 stones (quivered)
Press: ? - help, Shift-Dir - straight line, f/p - orc wizard
Aim: an orc wizard, wielding a +0 dagger and wearing a +0 robe (almost dead)
You throw a stone.
The stone hits the orc wizard but does no damage.
The orc wizard is almost dead.
The orc wizard hits you with a +0 dagger.
* * * LOW HITPOINT WARNING * * *
The orc wizard hits you with a +0 dagger.
You die...

##.## #.#
#######.#
#.......#
#.#######
#.# #.#
######.#
###...##@#
#...#..o.#
#.#.).####
#.##### oo
###


You could see an orc wizard.

Vanquished Creatures
  An orc priest (D:2)
  An ooze (D:3)
  A dart slug (D:2)
  2 leopard geckos
  7 orcs
  6 bats
  2 giant cockroaches (D:1)
  2 goblins (D:1)
  10 hobgoblins
  3 jackals (D:1)
  6 kobolds
  A quokka (D:2)
  6 frilled lizards
  4 rats
52 creatures vanquished.

Notes
Turn   | Place    | Note
-------+----------+-------------------------------------------
     0 | D:1      | hickop the Vine Stalker Ice Elementalist began the quest
                  | for the Orb.
     0 | D:1      | Reached XP level 1. HP: 9/9 MP: 4/4
   141 | D:1      | Reached XP level 2. HP: 3/13 MP: 0/6
   755 | D:1      | Found a sparkling altar of Nemelex Xobeh.
   847 | D:1      | Reached XP level 3. HP: 16/16 MP: 0/7
  1296 | D:2      | Learned a level 3 spell: Ozocubu's Armour
  1300 | D:2      | Learned a level 3 spell: Frozen Ramparts
  2128 | D:2      | Gained mutation: Your natural rate of healing is unusually
                  | fast. [Vine Stalker growth]
  2128 | D:2      | Reached XP level 4. HP: 21/21 MP: 4/9
  2411 | D:3      | Found an opulent altar of Gozag.
  2801 | D:3      | Slain by an orc wizard

Illustrated notes

Levels and vault maps discovered:
D:1:      psy_arrival_fountain, layout_basic, nemelex_diamond_rough_becter
D:2:      cheibrodos_pilgrimage, layout_loops_ring, wad_floor_pattern_untrapped
D:3:      layout_loops_ring, nicolae_gozag_seed_capital

Skill      XL: |  1  2  3  4 |
---------------+-------------+-----
Stealth        | 3 |  3.8
Dodging        | 2 |  2.3
Spellcasting   | 3 |  3.0
Ice Magic      | |  4.6

Action                   |  1- 3 |  4- 6 || total
-------------------------+-------+-------++-------
Melee: Unarmed           |    31 |       ||    31
       Bite              |     7 |       ||     7
Throw: Stone             |       |     4 ||     4
 Cast: Freeze            |    50 |    24 ||    74
       Frozen Ramparts   |     3 |     2 ||     5
  Use: Scroll            |     2 |     2 ||     4
Armor: Robe              |    14 |     5 ||    19
Dodge: Dodged            |    49 |    10 ||    59

Table legend: (Time is in decaauts)
 A = Elapsed time spent in this place.
 B = Non-inter-level travel time spent in this place.
 C = Inter-level travel time spent in this place.
 D = Time resting spent in this place.
 E = Time spent auto-exploring this place.
 F = Levels seen in this place.
 G = Mean time per level.
                   A        B        C        D        E       F      G
               +--------+--------+--------+--------+--------+-----+--------+
         Total |   2801 |   2729 |     72 |    384 |   1867 |   3 |  933.7 |
       Dungeon |   2801 |   2729 |     72 |    384 |   1867 |   3 |  933.7 |
               +--------+--------+--------+--------+--------+-----+--------+

Top non-repeatable levels by time:
     D:1: 1288 daAuts
     D:2: 1028 daAuts
     D:3: 485 daAuts
